 Dungeon Crawl Stone Soup version 0.31.0-12-g77e489cdc1 (webtiles) character file.

Game seed: 13763893118411547854

2817 Anaz the Magician (level 9, -2/63 HPs)
             Began as a Demigod Air Elementalist on Feb 20, 2024.
             Slain by an ogre
             ... wielding a +0 halberd
              (17 damage)
             ... in a bailey.
             The game lasted 00:22:15 (5264 turns).

Anaz the Magician (Demigod Air Elementalist)        Turns: 5264, Time: 00:22:16

Health: -2/63      AC:  5    Str: 13    XL:     9   Next: 21%
Magic:  23/24      EV: 12    Int: 25    God:
Gold:   534        SH:  0    Dex: 14    Spells: 13/23 levels left

rFire   . . .        s - +6 shillelagh "Devastator" {shatter}
rCold   . . .        (no shield)
rNeg    . . .        a - +0 robe
rPois   .            (no helmet)
rElec   .            (no cloak)
rCorr   +            w - +2 pair of gloves
SInv    .            (no boots)
Will    .....        c - amulet of magic regeneration
Stlth   +            h - ring of resist corrosion
HPRegen 0.30/turn    (no ring)
MPRegen 0.59/turn

%: no passive effects
@: very slow
A: high MP 1, forlorn, divine attributes
a: no special abilities


You were in a bailey.
You visited 1 branch of the dungeon, and saw 7 of its levels.
You also visited: Ossuary and Bailey.

You collected 534 gold pieces.

Inventory:

Hand Weapons
 e - a +0 dagger
 r - a +0 rapier
 s - the +6 shillelagh "Devastator" (weapon) {shatter}
   (You found it on level 3 of the Dungeon)
Missiles
 x - 5 atropa-tipped darts
Armour
 a - a +0 robe (worn)
 w - a +2 pair of gloves (worn)
Jewellery
 c - an amulet of magic regeneration (around neck)
 h - a ring of resist corrosion (left hand)
 l - an amulet of guardian spirit
Scrolls
 f - 2 scrolls of revelation {unknown}
 g - 4 scrolls of enchant armour
 o - 3 scrolls of teleportation {unknown}
 q - a scroll of enchant weapon {unknown}
 t - a scroll of noise {unknown}
 u - a scroll of amnesia {unknown}
 v - a scroll of blinking {unknown}
 y - 2 scrolls of immolation {unknown}
 D - a scroll of vulnerability {unknown}
 E - a scroll of torment {unknown}
Potions
 b - 3 potions of magic
 d - 2 potions of berserk rage
 i - 4 potions of heal wounds
 j - a potion of degeneration
 k - a potion of resistance
 m - a potion of mutation
 n - 5 potions of curing
 p - a potion of invisibility {unknown}
 z - a potion of might {unknown}
 A - a potion of attraction {unknown}
 B - 3 potions of haste {unknown}
 C - a potion of lignification {unknown}


   Skills:
 + Level 0.9 Fighting
 + Level 2.6 Dodging
 + Level 2.9 Stealth
 + Level 7.5 Spellcasting
 + Level 4.4 Conjurations
 + Level 7.4 Air Magic


You had 13 spell levels left.
You knew the following spells:

 Your Spells              Type           Power      Damage    Failure   Level
a - Shock                 Conj/Air       100%       1d9       1%          1
b - Swiftness             Air            46%        N/A       1%          3
c - Static Discharge      Conj/Air       78%        3-7/arc   1%          2
d - Airstrike             Air            23%        2d(4-20)  3%          4

Your spell library contained the following spells:

 Spells                   Type           Power      Damage    Failure   Level
 Tukima's Dance           Hex            9%         N/A       19%         3
 Passage of Golubria      Tloc           9%         N/A       54%         4
 Yara's Violent Unravell  Hex/Alch       4%         3d4       87%         5


Dungeon Overview and Level Annotations

Branches:
Dungeon (7/15)             Temple (0/1) D:4         Ossuary (visited)
 Bailey (1/1)

Shops:
D:4 ?(

Annotations:
D:7 2 transporters


Innate Abilities, Weirdness & Mutations

You have an increased reservoir of magic. (+10% MP)
You shall have no god before yourself.
Your divine heritage dramatically boosts your attributes as you level up.


Message History

Moving in this stuff is going to be slow.
A spriggan comes into view. It is wielding a +0 trident.
The spriggan shouts!
You hear a shout!
An ogre comes into view. It is wielding a +0 halberd.
You hear a shout!
The spriggan attacks as it pursues you! The spriggan closely misses you.
The spriggan hits you from afar with a +0 trident.
Casting: Airstrike (dangerous; 3% risk of failure)
Confirm with . or Enter, or press ? or * to list all spells.
Okay, then.
The spriggan hits you from afar with a +0 trident!
The spriggan hits you from afar with a +0 trident!
The spriggan attacks as it pursues you!
The spriggan hits you from afar with a +0 trident!
The spriggan attacks as it pursues you!
The spriggan hits you from afar with a +0 trident.
* * * LOW HITPOINT WARNING * * *
Casting: Airstrike (dangerous; 3% risk of failure)
Confirm with . or Enter, or press ? or * to list all spells.
Okay, then.
The spriggan hits you from afar with a +0 trident!
* * * LOW HITPOINT WARNING * * *
Okay, then.
You feel much better.
The spriggan hits you from afar with a +0 trident!
* * * LOW HITPOINT WARNING * * *
The spriggan attacks as it pursues you!
The spriggan hits you but does no damage.
Casting: Airstrike (dangerous; 3% risk of failure)
Confirm with . or Enter, or press ? or * to list all spells.
Aiming: Airstrike (dangerous; 3% risk of failure)
Press: ? - help, Dir - move target, f - spriggan
Aim: a spriggan, wielding a +0 trident (empty space bonus: 7/8)
The air twists around and strikes the spriggan!!
You kill the spriggan!
Unknown command.
You enter the shallow water.
Moving in this stuff is going to be slow.
The ogre hits you from afar with a +0 halberd!
You die...

..# ##O.# #..#
##..## #..#
♣#..##
#..#♣#####..##
#.........##
#.....).##
##~~~O~##
#~~)~~#
###~@)~~###
##....)....##
##.....).....##
#....∩...∩....#
##...........##
##.........##
###.....###
#######


You could see an ogre.

Vanquished Creatures
  Prince Ribbit (D:6)
  2 spriggans (Bailey)
  Duvessa (D:6)
  An orc warrior (D:6)
  An ice beast (D:7)
  6 ogres
  A centaur (D:7)
  Blork the orc (D:6)
  5 scorpions
  3 wights (D:6)
  Dowan (D:6)
  An orc priest (D:6)
  5 hounds
  A bullfrog zombie (D:4)
  A gnoll bouda (D:4)
  5 scorpion zombies (Ossuary)
  4 iguanas
  An orc wizard (D:6)
  4 hound skeletons (D:4)
  3 mummies (Ossuary)
  5 gnolls
  8 adders
  A shadow imp (D:7)
  2 ufetubi
  11 adder zombies
  2 adder skeletons (D:4)
  4 dart slugs
  2 ribbon worms (D:2)
  6 orcs
  4 bats
  7 endoplasms
  5 giant cockroaches
  13 goblins
  9 hobgoblins
  6 jackals
  9 kobolds
  5 quokkas
  7 ball pythons
  5 frilled lizards
  5 gnoll zombies (Ossuary)
  2 jackal zombies (Ossuary)
  A kobold zombie (Ossuary)
  6 rats
173 creatures vanquished.

Notes
Turn   | Place    | Note
-------+----------+-------------------------------------------
     0 | D:1      | Anaz the Demigod Air Elementalist began the quest for the
                  | Orb.
     0 | D:1      | Reached XP level 1. HP: 14/14 MP: 5/5
    61 | D:1      | Reached XP level 2. HP: 10/20 MP: 2/7
   522 | D:1      | Reached skill level 1 in Conjurations
   578 | D:1      | Reached XP level 3. HP: 26/26 MP: 6/8
  1196 | D:2      | Reached XP level 4. HP: 33/33 MP: 6/10
  1447 | D:2      | Learned a level 3 spell: Swiftness
  1450 | D:2      | Learned a level 2 spell: Static Discharge
  1453 | D:3      | Found the +6 shillelagh "Devastator" {shatter}
  2031 | D:4      | Found Ogin's Weapon Shop.
  2056 | D:4      | Reached XP level 5. HP: 38/38 MP: 8/12
  2072 | D:4      | Found a sand-covered staircase.
  2080 | Ossuary  | Entered an ossuary
  2209 | Ossuary  | Reached XP level 6. HP: 43/45 MP: 7/14
  2226 | Ossuary  | Learned a level 4 spell: Airstrike
  2527 | D:4      | Found Yrusm's Magic Scroll Shop.
  2651 | D:4      | Reached XP level 7. HP: 41/50 MP: 13/16
  2791 | D:4      | Found a staircase to the Ecumenical Temple.
  2866 | D:4      | Reached skill level 5 in Air Magic
  3113 | D:5      | Entered Level 5 of the Dungeon
  3421 | D:5      | Reached skill level 5 in Spellcasting
  3987 | D:6      | Noticed Dowan
  4004 | D:6      | Noticed Duvessa
  4015 | D:6      | Killed Duvessa
  4018 | D:6      | Killed Dowan
  4064 | D:6      | Reached XP level 8. HP: 58/58 MP: 15/19
  4166 | D:6      | Noticed Prince Ribbit
  4171 | D:6      | Killed Prince Ribbit
  4236 | D:6      | Noticed Blork the orc
  4460 | D:6      | Killed Blork the orc
  4910 | D:7      | Found a flagged portal.
  5002 | D:7      | Found a transporter.
  5006 | D:7      | Noticed a meliai
  5007 | D:7      | Found a transporter.
  5007 | D:7      | Noticed a troll
  5042 | Bailey   | Entered a bailey
  5061 | Bailey   | Reached XP level 9. HP: 15/63 MP: 4/23
  5257 | Bailey   | HP: 3/63 [spriggan/+0 trident (15)]
  5264 | Bailey   | Slain by an ogre

Illustrated notes

Levels and vault maps discovered:
D:1:      lemuel_arrival_funnel, layout_basic,
          hellmonk_ecumenical_altar_zigzags, chequers_serial_rivers_room_b
D:2:      layout_rooms, serial_aquarium, aquarium_bridge_straight
          [aquarium_subvault_bridge, aquarium_subvault_wall,
          aquarium_subvault_bridge, aquarium_subvault_wall],
          aquarium_bridge_straight [aquarium_subvault_bridge,
          aquarium_subvault_wall, aquarium_subvault_bridge,
          aquarium_subvault_wall], aquarium_window_1, aquarium_window_1,
          aquarium_window_corner, aquarium_window_1, aquarium_view_2c,
          aquarium_view_2c, minmay_pentomino_z4
D:3:      layout_rooms, palyth_stone_intersect
D:4:      layout_rooms, led_sif_book, nicolae_yredelemnul_corpse_copse,
          minmay_temple_entry_glassed_door,
          mainiacjoe_ossuary_entry_find_the_door, serial_shops, shop, shop
D:5:      layout_basic
D:6:      layout_loops_ring, uniq_duvessa, uniq_prince_ribbit1,
          uniq_blork_the_orc
D:7:      layout_cave_pools, nicolae_ru_great_annihilating_truth,
          gammafunk_temple_overflow_arena, enter_bailey_8
Bailey:   bailey_polearm_enchanted_keep_hellmonk, bailey

Skill      XL: |  1  2  3  4  5  6  7  8 |
---------------+-------------------------+-----
Spellcasting   | 2 3 4 5 7 |  7.5
Air Magic      | 3 4 5 7 |  7.4
Dodging        | 2 |  2.6
Conjurations   | 1 2 3 4 |  4.4
Stealth        | 2 |  2.9
Fighting       | |  0.9

Action                     |  1- 3 |  4- 6 |  7- 9 || total
---------------------------+-------+-------+-------++-------
  Melee: Dagger            |     4 |       |       ||     4
         Shillelagh        |       |    16 |    18 ||    34
         Rapier            |       |     1 |       ||     1
         Punch             |       |     1 |     1 ||     2
   Cast: Shock             |   129 |   170 |   100 ||   399
         Airstrike         |       |       |    41 ||    41
         Swiftness         |       |       |     1 ||     1
         Static Discharge  |       |       |     1 ||     1
    Use: Scroll            |       |     5 |     1 ||     6
         Potion            |       |     1 |     1 ||     2
   Stab: Sleeping          |       |     3 |     1 ||     4
 Armour: Robe              |    10 |    36 |    38 ||    84
  Dodge: Dodged            |    20 |    28 |    36 ||    84
